cohdb
Replays
Latest Replays
All Replays
Popular Replays
Top Player Replays
Match Explorer
How It Works
Community
CoH3 Stats
Reddit
Sign in to upload your games and track your stats! →
Sign in with Steam
Match 42048970
Unlisted
Match 42048970
Overview
Messages
Build Orders
End
Royal Engineer Section
Construct Section Command Post
Dingo Light Scout Car
Infantry Section
Infantry Section
Infantry Section
Construct Platoon Command Post
Selects Air and Sea Battlegroup
Selects Air and Sea Battlegroup
Selects Commando Section Paradrop
Selects Commando Support Section Paradrop
Humber Armored Car
6-pounder Anti-tank Gun Team
Selects Supply Surplus
Construct Resource Cache
Construct Resource Cache
Construct Company Command Post
Crusader II Medium Tank
Crusader II Medium Tank
Foot Guards Section
Crusader II Medium Tank
Selects Anti-tank Rocket Loiter
Crusader II Medium Tank
Anti-tank Rocket Loiter
Construct Resource Cache
Crusader II Medium Tank
Crusader II Medium Tank
Crusader II Medium Tank
Anti-tank Rocket Loiter
Crusader II Medium Tank
Selects UNKNOWN (223837)
Crusader II Medium Tank
ZELOT
『BlackBear』
Ⅲ♈羞涩的信封
Ⅲ♈Hi-Lo
0
0
Comments
sign in to comment!
No comments posted yet!